Map: 强酸工厂 - 天梯版

Players

herO - Winner!

  • Race: Protoss Protoss
  • Spawn Location: 11:00

INnoVation

  • Race: Terran Terran
  • Spawn Location: 5:00

Event: 2018 Hangzhou StarCraft Carnival

VOD

Have the link to the VOD?

Description

Time

  • Played on: April 29, 2018, 7:02 a.m.
  • Length: 12:24

All games in this series

Show
View Real Time Build Order
Export as new Build Order

herO Protoss - Winner!

Build Orders: 1 Gate Expand, Phoenix Opening, Colossus Rush 

Get SALT Encoding   

  12  0:00  Probe  
  13  0:12  Probe  
  14  0:17  Pylon  
  14  0:23  Probe  
  15  0:31  Probe  
  15  0:37  Gateway  
  15  0:40  Probe  
  16  0:46  Assimilator  
  17  0:51  Probe  
  18  1:03  Probe  
  19  1:15  Probe  
  20  1:23  Nexus  
  20  1:34  Cybernetics Core  
  20  1:36  Probe  
  21  1:43  Assimilator  
  21  1:48  Probe  
  21  1:52  Pylon  
  22  2:00  Probe  
  22  2:01  Adept  
  23  2:13  Probe  
  26  2:16  Stargate  
  26  2:23  Warp Gate  
  26  2:25  Probe  
  26  2:27  Adept  
  28  2:31  Probe  
  30  2:37  Probe  
  30  2:39  Probe  
  31  2:49  Probe  
  31  2:50  Probe  
  31  2:51  Phoenix  
  33  3:01  Probe  
  33  3:02  Probe  
  37  3:13  Probe  
  37  3:14  Phoenix, Probe  
  41  3:22  Robotics Facility  
  41  3:26  Pylon  
  41  3:27  Probe  
  41  3:29  Probe  
  43  3:35  Phoenix  
  43  3:39  Probe  
  46  3:42  Assimilator  
  46  3:45  Probe  
  47  3:50  Gateway  
  47  3:54  Gateway  
  47  3:56  Probe  
  47  3:57  Probe  
  47  3:58  Phoenix  
  47  4:10  Probe  
  47  4:11  Probe  
  47  4:13  Assimilator  
  47  4:15  Shield Battery  
  49  4:17  Pylon  
  49  4:21  Probe  
  49  4:23  Probe  
  51  4:29  Immortal  
  51  4:30  Probe  
  51  4:32  Pylon  
  51  4:35  Sentry  
  51  4:37  Probe  
  59  4:38  Probe  
  60  4:51  Zealot  
  64  4:52  Pylon  
  64  4:53  Robotics Bay  
  62  5:00  Immortal  
  60  5:12  Zealot, Sentry  
  69  5:14  Zealot, Probe x2  
  72  5:23  Phoenix  
  72  5:26  Pylon  
  74  5:29  Pylon  
  74  5:35  Colossus  
  74  5:38  Probe x2  
  76  5:48  Phoenix  
  84  5:54  Nexus  
  84  6:00  Extended Thermal Lance  
  84  6:01  Probe  
  84  6:02  Probe  
  86  6:06  Pylon  
  86  6:09  Zealot, Sentry  
  90  6:14  Probe x2  
  90  6:15  Phoenix  
  92  6:20  Zealot  
  95  6:28  Probe x2  
  97  6:33  Colossus  
  94  6:40  Probe x2  
  102  6:52  Assimilator  
  102  6:53  Pylon, Assimilator  
  102  7:03  Pylon  
  102  7:05  Probe x2  
  104  7:10  Probe, Phoenix  
  104  7:15  Zealot x3  
  109  7:17  Probe x2  
  109  7:22  Probe  
  116  7:23  Stargate  
  116  7:29  Probe x2  
  118  7:31  Phoenix  
  118  7:34  Pylon, Probe  
  119  7:41  Pylon, Probe x2  
  118  7:45  Colossus  
  118  7:46  Probe  
  119  7:51  Zealot x3  
  119  7:53  Protoss Air Weapons Level 1  
  119  7:54  Probe x2, Phoenix  
  133  7:58  Probe  
  136  8:11  Pylon  
  136  8:15  Forge, Twilight Council  
  136  8:16  Phoenix  
  138  8:23  Shield Battery  
  138  8:28  Phoenix  
  138  8:30  Colossus, Pylon  
  138  8:32  Probe  
  138  8:33  Probe  
  142  8:34  Probe  
  142  8:38  Pylon  
  142  8:39  Pylon  
  142  8:40  Phoenix  
  151  8:47  Protoss Ground Armor Level 1  
  151  8:50  Charge  
  151  8:53  Phoenix  
  153  9:02  Gateway  
  153  9:03  Gateway  
  153  9:04  Gateway  
  153  9:05  Phoenix  
  155  9:17  Nexus  
  155  9:19  Pylon  
  155  9:20  Disruptor, Phoenix  
  158  9:33  Gateway  
  158  9:39  Gateway  
  158  9:45  Pylon  
  158  9:46  Pylon  
  158  9:47  Shield Battery  
  158  9:48  Phoenix x2  
  162  9:56  Pylon, Shield Battery  
  162  10:00  Disruptor  
  162  10:02  Templar Archives  
  162  10:06  Zealot x3  
  171  10:16  Phoenix x2  
  175  10:31  Zealot x7, Disruptor  
  175  10:33  Phoenix x2  
  184  10:50  Psionic Storm  
  184  10:57  High Templar  
  186  11:02  High Templar, Zealot x6  
  198  11:05  Photon Cannon  
  196  11:12  Warp Prism  
  166  11:20  Phoenix x2  
  132  11:29  Zealot  
  132  11:30  Zealot x5  
  127  11:36  Probe x3  
  127  11:37  Phoenix  
  127  11:39  Probe  
  131  11:44  Assimilator x2  
  131  11:46  Phoenix  
  127  11:58  Zealot x5  
Show
View Real Time Build Order
Export as new Build Order

INnoVation Terran 

Build Orders: Reaper Expand, MMM Bio 

Get SALT Encoding   

  12  0:00  SCV  
  13  0:12  SCV  
  14  0:17  Supply Depot  
  14  0:24  SCV  
  15  0:38  SCV  
  15  0:39  Barracks  
  16  0:43  Refinery  
  16  0:50  SCV  
  17  1:02  SCV  
  18  1:15  SCV  
  19  1:27  Reaper, Orbital Command  
  20  1:44  Command Center  
  20  1:54  SCV, Barracks  
  20  1:59  Barracks Reactor  
  21  2:06  SCV  
  22  2:09  Supply Depot  
  22  2:14  Refinery  
  22  2:18  SCV  
  23  2:24  Factory  
  23  2:31  SCV  
  23  2:37  Marine x2  
  24  2:41  Barracks Tech Lab  
  24  2:43  SCV  
  26  2:54  Marine x2  
  26  2:55  SCV  
  26  2:57  Orbital Command  
  29  3:02  Stimpack  
  29  3:04  Marine  
  30  3:08  Widow Mine  
  30  3:10  SCV  
  33  3:13  Marine  
  33  3:16  Marine  
  35  3:25  SCV, Starport  
  36  3:27  SCV  
  36  3:31  Widow Mine  
  39  3:37  Marine x3  
  39  3:41  SCV x2  
  44  3:44  Supply Depot  
  44  3:53  Factory Reactor  
  44  3:55  SCV  
  44  3:56  SCV  
  44  3:58  Supply Depot  
  46  4:05  Marine x3  
  46  4:06  Medivac  
  46  4:09  SCV x2  
  53  4:14  Engineering Bay  
  53  4:20  Supply Depot  
  53  4:23  SCV x2  
  55  4:25  Marine x2  
  55  4:27  Marine  
  58  4:35  SCV x2  
  58  4:36  Factory Reactor  
  60  4:43  Marine x2  
  60  4:44  Marine  
  60  4:45  Medivac x2  
  65  4:48  SCV x2  
  65  4:53  Supply Depot  
  65  4:54  Refinery  
  65  5:03  Marine x3  
  65  5:06  SCV x2  
  66  5:11  Barracks  
  66  5:15  Widow Mine x2  
  66  5:18  Combat Shields  
  66  5:20  Marine x2  
  74  5:21  Marauder  
  74  5:22  Supply Depot  
  74  5:23  SCV x2  
  74  5:25  Medivac  
  78  5:40  Supply Depot  
  78  5:44  Marine x2, Widow Mine x2, Marauder  
  86  5:52  Command Center  
  86  5:59  Barracks Tech Lab  
  86  6:01  Medivac  
  86  6:02  SCV x2  
  86  6:03  Supply Depot  
  90  6:05  Refinery  
  90  6:06  Marine x2, Marauder  
  94  6:14  Terran Infantry Weapons Level 1  
  94  6:17  Engineering Bay  
  94  6:20  Concussive Shells  
  94  6:25  SCV x2, Widow Mine x2  
  100  6:37  Barracks  
  100  6:39  Barracks  
  96  6:40  Marine x2, Marauder  
  96  6:41  Marauder  
  96  6:43  SCV  
  96  6:44  SCV  
  98  6:48  Widow Mine x2  
  98  6:51  Terran Infantry Armor Level 1  
  102  7:03  Medivac x2  
  102  7:04  SCV x2  
  108  7:08  Orbital Command  
  108  7:18  SCV  
  108  7:19  SCV  
  110  7:25  Barracks Tech Lab  
  110  7:26  Barracks Reactor  
  110  7:28  Armory  
  110  7:30  SCV  
  110  7:31  SCV, Refinery  
  110  7:32  Refinery  
  110  7:33  Viking  
  110  7:35  Viking  
  116  7:45  SCV  
  116  7:49  SCV x2  
  117  7:51  Supply Depot  
  117  7:52  Starport  
  117  7:53  Supply Depot, Marauder  
  117  8:12  Supply Depot  
  117  8:13  SCV x3, Supply Depot, Marauder x2  
  117  8:14  Viking x2  
  117  8:15  Terran Infantry Weapons Level 2  
  117  8:16  Terran Ship Weapons Level 1  
  117  8:17  Marine  
  117  8:19  Marine x3  
  131  8:25  SCV  
  133  8:34  SCV x2, Viking x2  
  139  8:36  Supply Depot  
  139  8:37  Supply Depot  
  139  8:44  Viking x2  
  143  8:49  Marauder  
  143  8:50  Marauder x2  
  143  8:53  Terran Infantry Armor Level 2  
  149  8:58  Marine x4  
  149  8:59  Supply Depot  
  153  9:04  Viking x2  
  153  9:08  Ghost Academy  
  157  9:16  Viking x2  
  158  9:19  Marauder  
  158  9:23  Marine x2  
  158  9:24  Marine x2  
  165  9:34  Command Center  
  165  9:37  Viking  
  167  9:40  Ghost x2  
  167  9:42  Ghost  
  169  9:51  Supply Depot  
  169  9:52  Viking  
  169  9:53  Viking  
  173  10:02  Supply Depot  
  173  10:04  Supply Depot  
  173  10:09  Missile Turret  
  173  10:13  Marine x2, Marauder, Viking x2  
  181  10:19  Supply Depot  
  181  10:23  Marine x2  
  181  10:24  Marauder x2  
  185  10:35  Marine x2, Marauder  
  186  10:37  Viking x2  
  186  10:41  Marine x2  
  189  10:45  Marauder x2  
  193  10:52  Refinery  
  193  10:56  Viking x2  
  196  10:58  Marine x2, Refinery, Marauder  
  196  11:01  Refinery  
  173  11:19  Marauder x2  
  173  11:20  Marine x3, Marauder  
  173  11:25  Viking x2  
  151  11:26  Viking x2  
  151  11:32  Marine  
  137  11:36  Missile Turret  
  137  11:37  Marine x2  
  127  11:41  Marauder x3  
  125  11:50  Marine x2  
  116  11:55  Marine x2  
  112  12:05  Marine  
Tags
 
Add a new tag
Caveats
  • Supply blocks, unpowered buildings, or Contaminate may cause inaccurate times.
  • Supply counts are checked every 10 seconds.